 Dungeon Crawl Stone Soup version 0.32-a0-128-g77eb882913 (webtiles) character file.

Game seed: 8111617420035837322

491 Sobieck the Poker (level 7, 0/71 HPs)
             Began as an Oni Gladiator on Feb 7, 2024.
             Slain by a water moccasin (4 damage)
             ... on level 5 of the Dungeon.
             The game lasted 00:06:04 (3811 turns).

Sobieck the Poker (Oni Gladiator)                   Turns: 3811, Time: 00:06:04

Health: 0/71       AC:  3    Str: 21    XL:     7   Next: 14%
Magic:  7/7        EV: 10    Int:  9    God:
Gold:   174        SH:  0    Dex: 10    Spells: 6/6 levels left

rFire   + . .        a - +0 trident
rCold   . . .        (no shield)
rNeg    + . .        b - +0 robe
rPois   .            c - melded +0 hat
rElec   .            (cloak currently unavailable)
rCorr   .            (gloves unavailable)
SInv    .            (boots unavailable)
Will    .....        m - amulet of reflection
Stlth   +            f - ring of positive energy
HPRegen 0.31/turn    p - ring of protection from fire
MPRegen 0.10/turn

%: reflection
@: confused, lethally poisoned (0 -> -14), beast-form, ambrosia-drunk
A: beast (slay +0), large, unfitting armour, horns 1, tough skin 1, double
potion healing, drunken brawling
a: Begin Untransformation


You were on level 5 of the Dungeon.
You were a hulking beast.
You visited 1 branch of the dungeon, and saw 5 of its levels.

You collected 204 gold pieces.
You spent 30 gold pieces at shops.

Inventory:

Hand Weapons
 a - a +0 trident (weapon)
Missiles
 d - 3 throwing nets
 e - a large rock
 j - 59 stones (quivered)
 l - 3 boomerangs
 n - 4 javelins
 s - 4 poisoned darts
Armour
 b - a +0 robe (worn)
 c - a +0 hat (melded)
 u - an orb of guile
Jewellery
 f - a ring of positive energy (left hand)
 m - an amulet of reflection (around neck)
 p - a ring of protection from fire (right hand)
 y - an amulet of faith
Talismans
 v - a beast talisman (active)
Wands
 x - a wand of roots (5)
Scrolls
 i - a scroll of noise
 o - a scroll of vulnerability {unknown}
 q - 4 scrolls of fear {unknown}
 w - 2 scrolls of revelation {unknown}
 z - a scroll of teleportation {unknown}
 B - 3 scrolls of fog {unknown}
 R - 2 scrolls of identify
Potions
 g - a potion of ambrosia
 h - 2 potions of heal wounds {unknown}
 k - 2 potions of attraction
 r - a potion of cancellation
 t - 2 potions of curing {unknown}
 A - a potion of invisibility {unknown}


   Skills:
 + Level 4.9 Fighting
 * Level 5.3 Polearms
 + Level 3.7 Throwing
 + Level 3.9 Dodging
 - Level 1.0 Shapeshifting


You had 6 spell levels left.
You didn't know any spells.
Your spell library contained the following spells:

 Spells                   Type           Power      Damage    Failure   Level
 Summon Small Mammal      Summ           0%         N/A       38%         1
 Cigotuvi's Dreadful Rot  Necr/Alch/Air  0%         N/A       52%         2
 Mercury Vapours          Alch/Air       0%         N/A       52%         2
 Call Canine Familiar     Summ           0%         N/A       77%         3
 Hailstorm                Conj/Ice       0%         3d5       77%         3
 Mephitic Cloud           Conj/Alch/Air  0%         N/A       77%         3
 Summon Ice Beast         Ice/Summ       0%         N/A       77%         3
 Ignite Poison            Fire/Alch      0%         N/A       99%         4
 Summon Blazeheart Golem  Fire/Summ      0%         N/A       99%         4
 Freezing Cloud           Conj/Ice/Air   0%         6-21      100%        5
 Sculpt Simulacrum        Ice/Alch       0%         N/A       100%        6


Dungeon Overview and Level Annotations

Branches:
Dungeon (5/15)
 Temple: D:4-7

Altars:
Elyvilon

Shops:
D:2 *

Annotations:
D:4 1 runed translucent door, jamsaran's ghost, amateur DgFE


Innate Abilities, Weirdness & Mutations

You are a hulking beast.
Your limbs bulge with bestial killing power. (Slay +0)
You are too large for most types of armour.
You have a pair of small horns on your head.
You have tough skin. (AC +1)
You gain doubled healing and magic from potions.
Whenever you drink a healing potion, you attack all around you.


Message History

You are too injured to fight recklessly!
Unknown command.
You are too injured to fight recklessly!
You are too injured to fight recklessly!
You are too injured to fight recklessly!
You are too injured to fight recklessly!
Unknown command.
You miss the water moccasin.
Your headbutt misses the water moccasin.
The water moccasin is moderately wounded.
You feel very sick. The water moccasin bites you!
* * * LOW HITPOINT WARNING * * *
You are lethally poisoned!
The water moccasin poisons you! You block the water moccasin's attack.
Unknown command.
You closely miss the water moccasin.
The water moccasin is moderately wounded.
* * * LOW HITPOINT WARNING * * *
You feel extremely sick. The water moccasin closely misses you.
You hit the water moccasin.
The water moccasin is heavily wounded.
* * * LOW HITPOINT WARNING * * *
You feel very sick. The water moccasin bites you!
* * * LOW HITPOINT WARNING * * *
You are more poisoned.
The water moccasin poisons you!
Unknown command.
Unknown command.
You take a swig of the potion and twirl your +0 trident.
You hit the water moccasin.
The water moccasin is severely wounded.
You are confused.
You savour every drop.
You feel invigorated.
* * * LOW HITPOINT WARNING * * *
You feel extremely sick. The water moccasin bites you.
* * * LOW HITPOINT WARNING * * *
The water moccasin bites you but does no damage.
* * * LOW HITPOINT WARNING * * *
You feel very sick.
The water moccasin bites you but does no damage.
* * * LOW HITPOINT WARNING * * *
You feel very sick. The water moccasin bites you!
* * * LOW HITPOINT WARNING * * *
The water moccasin bites you.
You die...

. . ######### .######
........# #.....#
........# ##.....#
........# ......#
........########S....##.
...........#....h...%...
........#..........###..
........##.#.#######
........####.# ........#
#.# ####.#######.###
#.....#.....#
#.###.#.....#
#...#.#.....#


You could see a water moccasin.

Vanquished Creatures
  A black bear (D:4)
  2 scorpions (D:4)
  A hound (D:5)
  An orc priest (D:4)
  3 orc wizards
  5 adders
  A river rat (D:4)
  A white imp (D:5)
  2 dart slugs
  A ribbon worm (D:3)
  10 orcs
  8 ball pythons
  3 bats
  4 endoplasms
  2 giant cockroaches (D:2)
  8 goblins
  9 hobgoblins
  3 jackals (D:1)
  4 quokkas
  3 frilled lizards (D:1)
  4 kobolds
  9 rats
85 creatures vanquished.

Notes
Turn   | Place    | Note
-------+----------+-------------------------------------------
     0 | D:1      | Sobieck the Oni Gladiator began the quest for the Orb.
     0 | D:1      | Reached XP level 1. HP: 22/22 MP: 1/1
   163 | D:1      | Reached XP level 2. HP: 29/29 MP: 2/2
   258 | D:1      | Reached skill level 3 in Fighting
   501 | D:1      | Found a faded altar of an unknown god.
   736 | D:1      | Reached XP level 3. HP: 34/37 MP: 3/3
   804 | D:1      | Reached skill level 3 in Dodging
  1127 | D:1      | Reached XP level 4. HP: 36/45 MP: 4/4
  1322 | D:2      | Found Qaph's General Store.
  1392 | D:2      | Bought a scroll of identify for 20 gold pieces
  1392 | D:2      | Bought a scroll of noise for 10 gold pieces
  1952 | D:2      | Reached skill level 1 in Shapeshifting
  2188 | D:3      | Found a white marble altar of Elyvilon.
  2190 | D:3      | Reached skill level 4 in Polearms
  2414 | D:4      | Noticed a scorpion
  2419 | D:4      | Killed a scorpion
  2420 | D:4      | Reached XP level 5. HP: 41/54 MP: 5/5
  2514 | D:4      | Reached skill level 3 in Throwing
  2752 | D:4      | Reached XP level 6. HP: 44/62 MP: 6/6
  2947 | D:4      | Noticed jamsaran's ghost (amateur DgFE)
  2948 | D:4      | Found a runed translucent door.
  3007 | D:4      | Found a glowing drain.
  3114 | D:4      | Noticed a black bear
  3136 | D:4      | Killed a black bear
  3137 | D:4      | Reached skill level 5 in Polearms
  3473 | D:5      | Entered Level 5 of the Dungeon
  3681 | D:5      | Reached XP level 7. HP: 68/71 MP: 7/7
  3811 | D:5      | Slain by a water moccasin

Illustrated notes

Levels and vault maps discovered:
D:1:      roderic_dead_forest, layout_loops_ring,
          shapermc_ecumenical_altar_pompeii, kennysheep_doodads,
          serial_bayou_pond_c
D:2:      layout_rooms, serial_shops, shop, chequers_serial_rivers_large_a,
          kennysheep_boxes
D:3:      layout_rooms, elyvilon_altar_1, st_stairs_6
D:4:      minmay_spotlight, layout_basic, hellmonk_ghost_happy_afterlife,
          portal_sewer_entry_a
D:5:      layout_loops_cross, minmay_temple_entry_statues, serial_shops,
          nicolae_shop_pleasant_corner_grove, minmay_lizard_king

Skill      XL: |  1  2  3  4  5  6 |
---------------+-------------------+-----
Fighting       | 3 4 |  4.9
Dodging        | 3 |  3.9
Shapeshifting  | 1 |  1.0
Polearms       | 4 5 |  5.3
Throwing       | 3 |  3.7

Action                     |  1- 3 |  4- 6 |  7- 9 || total
---------------------------+-------+-------+-------++-------
  Melee: Trident           |   106 |   159 |    18 ||   283
         Headbutt          |    10 |    18 |     3 ||    31
         Punch             |     3 |     5 |     1 ||     9
  Throw: Stone             |       |     6 |     2 ||     8
    Use: Scroll            |       |     4 |       ||     4
         Potion            |       |     2 |     1 ||     3
 Armour: Robe              |    60 |    95 |    17 ||   172
  Dodge: Dodged            |    50 |    52 |    10 ||   112
  Block: Other             |       |    30 |     5 ||    35
         Reflection        |       |     2 |       ||     2
   Form: Beast             |       |     1 |       ||     1

Table legend: (Time is in decaauts)
 A = Elapsed time spent in this place.
 B = Non-inter-level travel time spent in this place.
 C = Inter-level travel time spent in this place.
 D = Time resting spent in this place.
 E = Time spent auto-exploring this place.
 F = Levels seen in this place.
 G = Mean time per level.
                   A        B        C        D        E       F      G
               +--------+--------+--------+--------+--------+-----+--------+
         Total |   3841 |   3686 |    155 |    570 |   2439 |   5 |  768.2 |
       Dungeon |   3841 |   3686 |    155 |    570 |   2439 |   5 |  768.2 |
               +--------+--------+--------+--------+--------+-----+--------+

Top non-repeatable levels by time:
     D:4: 1304 daAuts
     D:1: 1021 daAuts
     D:2: 911 daAuts
     D:3: 458 daAuts
     D:5: 145 daAuts
